 Dungeon Crawl Stone Soup version 0.29-a0-359-g541a27f54d (webtiles) character file.

Game seed: 2672211501053486068

242 Morbidden the Conjurer (level 5, -2/38 HPs)
             Began as a Demonspawn Conjurer on Apr 27, 2022.
             Slain by a kobold brigand
             ... wielding a +0 short sword
              (8 damage)
             ... on level 4 of the Dungeon.
             The game lasted 00:02:22 (3368 turns).

Morbidden the Conjurer (Demonspawn Conjurer)        Turns: 3368, Time: 00:02:23

Health: -2/38      AC:  4    Str: 14    XL:     5   Next: 81%
Magic:  0/9        EV: 12    Int: 22    God:
Gold:   146        SH:  0    Dex: 11    Spells: 7/10 levels left

rFire   . . .      SeeInvis .   b - +1 hunting sling "Orb Guardian's Foe" {vorpal, Str+7}
rCold   . . .      Faith    .   (no shield)
rNeg    . . .      Spirit   .   a - +0 robe
rPois   .          Reflect  .   (no helmet)
rElec   .          Harm     .   (no cloak)
rCorr   .          Rampage  .   (no gloves)
Will    .....                   (no boots)
Stlth   ++........              (no amulet)
HPRegen 0.12/turn               (no ring)
MPRegen 0.11/turn               (no ring)

@: lethally poisoned (-2 -> -8)
A: slimy green scales 1, demonic guardian 2, powered by death 1
a: no special abilities


You were on level 4 of the Dungeon.
You visited 1 branch of the dungeon, and saw 4 of its levels.

You collected 146 gold pieces.

Inventory:

Hand Weapons
 b - the +1 hunting sling "Orb Guardian's Foe" (weapon) {vorpal, Str+7}
   (You found it on level 2 of the Dungeon)

   Any ammunition fired from it inflicts extra damage upon your enemies.
   Str:       It affects your strength (+7).
Missiles
 k - 5 javelins
Armour
 a - a +0 robe (worn)
Jewellery
 q - a ring of wizardry
Scrolls
 c - 4 scrolls of noise {unknown}
 d - a scroll of torment {unknown}
 g - a scroll of magic mapping {unknown}
 h - a scroll of enchant armour {unknown}
 j - a scroll of teleportation {unknown}
 m - 2 scrolls of blinking {unknown}
 p - a scroll of enchant weapon {unknown}
 r - a scroll of fear {unknown}
Potions
 e - a potion of haste {unknown}
 f - a potion of ambrosia {unknown}
 i - 3 potions of flight {unknown}
 l - 2 potions of degeneration {unknown}
 n - a potion of magic
 o - 2 potions of lignification {unknown}
 s - a potion of heal wounds {unknown}


   Skills:
 * Level 2.1 Fighting
 + Level 2.0 Slings
 * Level 2.4 Dodging
 + Level 2.2 Stealth
 * Level 3.1 Spellcasting
 * Level 4.9 Conjurations


You had 7 spell levels left.
You knew the following spells:

 Your Spells              Type           Power      Damage    Failure   Level
a - Magic Dart            Conj           100%       1d8       1%          1
b - Searing Ray           Conj           50%        2d6       2%          2

Your spell library contained the following spells:

 Spells                   Type           Power      Damage    Failure   Level
 Animate Skeleton         Necr           6%         N/A       12%         1
 Apportation              Tloc           6%         N/A       12%         1
 Summon Small Mammal      Summ           12%        N/A       12%         1
 Dazzling Flash           Conj/Hex       28%        N/A       13%         3
 Confusing Touch          Hex            3%         N/A       36%         3
 Fulminant Prism          Conj/Hex       7%         3d7       41%         4
 Iskenderun's Mystic Bla  Conj/Tloc      14%        2d5       41%         4
 Olgreb's Toxic Radiance  Pois           3%         N/A       77%         4
 Yara's Violent Unravell  Hex/Tmut       1%         3d3       98%         5
 Enfeeble                 Hex            1%         N/A       100%        7
 Ozocubu's Refrigeration  Ice            1%         4d5       100%        7
 Ignition                 Fire           1%         3d3       100%        8


Dungeon Overview and Level Annotations

Branches:
Dungeon (4/15)
 Temple: D:4-7

Altars:


Innate Abilities, Weirdness & Mutations

You are partially covered in slimy green scales. (AC +2)
A demonic guardian rushes to your aid.
You regenerate a little health from kills.


Message History

You feel sick. The scorpion stings you. x2
You are more poisoned.
The scorpion poisons you!
The searing ray hits the scorpion.
You kill the scorpion!
The searing ray hits the jackal!
You kill the jackal!
You feel very sick.
A kobold brigand comes into view.
It is wielding a +0 short sword and quivering curare-tipped darts.
Your Fighting skill increases to level 2!
Your Slings skill increases to level 2!
Unknown command.
Casting: Searing Ray (safe; 2% risk of failure)
Confirm with . or Enter, or press ? or * to list all spells.
Restarting spell: Searing Ray (safe; 2% risk of failure)
Press: ? - help, Shift-Dir - straight line, f - kobold brigand
Aim: a kobold brigand, wielding a +0 short sword and quivering curare-tipped darts (74% to hit)
The searing ray hits the kobold brigand.
The kobold brigand is lightly wounded. (Press . to maintain the ray.)
You feel very sick.
The searing ray hits the kobold brigand.
The kobold brigand is lightly wounded.
You feel very sick. The kobold brigand closely misses you.
Unknown command.
The searing ray hits the kobold brigand!
The kobold brigand is heavily wounded.
You feel sick.
The kobold brigand hits you with a +0 short sword.
* * * LOW HITPOINT WARNING * * *
A demonic guardian appears!
The searing ray hits the kobold brigand.
The kobold brigand is heavily wounded.
Your demonic guardian avoids your attack.
You finish channelling your searing ray.
* * * LOW HITPOINT WARNING * * *
You feel sick.
The kobold brigand hits you with a +0 short sword!
You die...

..#
.. #
.. ..
.♣...
....
###4.
##.K#
#)@.#
#<.##
####


You could see a kobold brigand (ally target) and a friendly hellwing (summoned).

Vanquished Creatures
  2 scorpions
  A hound (D:3)
  3 adders (D:2)
  2 dart slugs (D:1)
  6 orcs
  5 endoplasms
  3 goblins
  3 hobgoblins
  6 jackals
  3 quokkas
  A ball python (D:2)
  8 bats
  3 frilled lizards
  4 kobolds
  10 rats
60 creatures vanquished.

Notes
Turn   | Place    | Note
-------+----------+-------------------------------------------
     0 | D:1      | Morbidden the Demonspawn Conjurer began the quest for the
                  | Orb.
     0 | D:1      | Reached XP level 1. HP: 13/13 MP: 3/3
   169 | D:1      | Found a faded altar of an unknown god.
   427 | D:1      | Gained mutation: You are partially covered in slimy green
                  | scales. (AC +2) [demonic ancestry]
   427 | D:1      | Reached XP level 2. HP: 19/19 MP: 0/5
  1320 | D:2      | Gained mutation: You regenerate a little health from kills.
                  | [demonic ancestry]
  1320 | D:2      | Reached XP level 3. HP: 19/25 MP: 0/6
  1453 | D:2      | Learned a level 2 spell: Searing Ray
  1888 | D:2      | Reached skill level 1 in Fighting
  2359 | D:2      | Identified the +1 hunting sling "Orb Guardian's Foe"
                  | {vorpal, Str+7}
  2684 | D:3      | Gained mutation: A weak demonic guardian rushes to your
                  | aid. [demonic ancestry]
  2684 | D:3      | Reached XP level 4. HP: 32/32 MP: 8/8
  2950 | D:3      | Noticed a scorpion
  2958 | D:3      | Killed a scorpion
  2959 | D:3      | Reached skill level 1 in Slings
  2959 | D:3      | Gained mutation: A demonic guardian rushes to your aid.
                  | [demonic ancestry]
  2959 | D:3      | Reached XP level 5. HP: 38/38 MP: 2/9
  3368 | D:4      | Slain by a kobold brigand

Illustrated notes

Levels and vault maps discovered:
D:1:      matt_arrival_spirals, layout_basic,
          shapermc_ecumenical_altar_mp_highgroup, serial_bayou_pond_b,
          fountainhead, kennysheep_flooded_box
D:2:      layout_basic, hangedman_decor_push, minmay_diced_spiral
D:3:      layout_rooms, minmay_liquid_box
D:4:      layout_gridville, grunt_ministairs_6, uniq_natasha, uniq_grinder,
          uniq_eustachio, uniq_sigmund, uniq_pargi

Skill      XL: |  1  2  3  4  5 |
---------------+----------------+-----
Stealth        | 2 |  2.2
Fighting       | 1 2 |  2.1
Dodging        | 2 |  2.4
Slings         | 1 2 |  2.0
Spellcasting   | 3 |  3.1
Conjurations   | |  4.9

Action                   |  1- 3 |  4- 6 || total
-------------------------+-------+-------++-------
Melee: Unarmed           |     5 |       ||     5
 Fire: Hunting sling     |     8 |    53 ||    61
 Cast: Magic Dart        |    73 |     6 ||    79
       Searing Ray       |       |     4 ||     4
Armor: Robe              |     5 |     9 ||    14
Dodge: Dodged            |    15 |    40 ||    55

Table legend: (Time is in decaauts)
 A = Elapsed time spent in this place.
 B = Non-inter-level travel time spent in this place.
 C = Inter-level travel time spent in this place.
 D = Time resting spent in this place.
 E = Time spent auto-exploring this place.
 F = Levels seen in this place.
 G = Mean time per level.
                   A        B        C        D        E       F      G
               +--------+--------+--------+--------+--------+-----+--------+
         Total |   3396 |   3252 |    144 |    104 |   2806 |   4 |  849.0 |
       Dungeon |   3396 |   3252 |    144 |    104 |   2806 |   4 |  849.0 |
               +--------+--------+--------+--------+--------+-----+--------+

Top non-repeatable levels by time:
     D:2: 1404 daAuts
     D:1: 1248 daAuts
     D:3: 621 daAuts
     D:4: 123 daAuts
